AoeStats
← CHAMAKIN

Arabia

507378043Analyzed
1v1 RM · 29d ago on Sep 17, 2026· 29m 13s· 2 players
Game mode
Random Map
Map size
Tiny (2 player)
Population
200
Speed
Normal
Resources
Standard
Victory
Conquest
Starting age
Dark Age
Ending age
Imperial Age
RankedLock teamsTeams togetherTeam positionsShared explorationLock speedFull tech treeHidden civsTurbo modeCheats
Victory
Defeat
🇧🇷 Celts · Brazil
1072
+15
vs
🇨🇱 Jurchens · Chile
1059
-15
CHAMAKIN
0:26 Loom
10:28 Feudal Age
10:57 Double-Bit Axe
27:42 Castle Age
27:52 Gold Mining
28:03 Horse Collar
TmZ_Peçanha
13:51 Feudal Age
14:06 Man-at-Arms
15:20 Double-Bit Axe
17:00 Loom
17:28 Forging
17:23 Arson
19:08 Scale Mail Armor
26:22 Castle Age
24:33 Horse Collar
25:40 Gold Mining
28:01 Iron Casting
27:15 Gambesons
26:57 Long Swordsman
28:24 Chain Mail Armor
Connection lost

Rejoining the realm…

Still unreachable

The connection could not be restored.

Session expired

The server has moved on; the page needs a fresh start.